 Dungeon Crawl Stone Soup version 0.31-a0-75-g6fe912e8c5 (webtiles) character file.

Game seed: 6186690044727330507

1334 ders the Geomancer (level 8, -7/41 HPs)
             Began as a Gargoyle Earth Elementalist on May 22, 2023.
             Was a Follower of Vehumet.
             Killed from afar by a steam dragon (11 damage)
             ... with a ball of steam
             ... on level 6 of the Dungeon on May 23, 2023.
             The game lasted 00:11:04 (5997 turns).

ders the Geomancer (Gargoyle Earth Elementalist)    Turns: 5997, Time: 00:11:04

Health: -7/41      AC:  9    Str: 15    XL:     8   Next: 61%
Magic:  8/16       EV: 12    Int: 18    God:    Vehumet [*.....]
Gold:   368        SH:  0    Dex: 12    Spells: 10/18 levels left

rFire   . . .        C - +5 mace of True Grit {pain, rElec rN+ Str+3 Dex+2}
rCold   . . .        (no shield)
rNeg    + + .        a - +0 robe
rPois   ∞            (no helmet)
rElec   +            w - +1 cloak
rCorr   .            (no gloves)
SInv    .            (no boots)
Will    .....        (no amulet)
Stlth   ++           (no ring)
HPRegen 0.26/turn    (no ring)
MPRegen 0.15/turn

%: no passive effects
@: no status effects
A: sickness immunity, AC +5, negative energy resistance 1, electricity
resistance, torment resistance 1, petrification resistance
a: Renounce Religion


You were on level 6 of the Dungeon.
You worshipped Vehumet.
Vehumet was aware of your devotion.
You visited 2 branches of the dungeon, and saw 7 of its levels.

You collected 368 gold pieces.

Inventory:

Hand Weapons
 d - a +0 mace
 v - a +3 quarterstaff of flaming
 C - the +5 mace of True Grit (weapon) {pain, rElec rN+ Str+3 Dex+2}
   (You took it off an orc on level 5 of the Dungeon)

   Str:       It affects your strength (+3).
   Dex:       It affects your dexterity (+2).
   rElec:     It insulates you from electricity.
   rN:        It protects you from negative energy.
Missiles
 b - 2 throwing nets
Armour
 a - a +0 robe (worn)
 r - the +0 leather armour of Jigsaw {Regen+ Str+5 Slay+2}
   (You found it on level 3 of the Dungeon)

   Str:       It affects your strength (+5).
   Slay:      It affects your accuracy & damage with ranged weapons and melee
   (+2).
   Regen:     It increases your rate of health regeneration.
 w - a +1 cloak (worn)
Magical Staves
 E - a staff of air
Jewellery
 n - a ring of positive energy
 H - a ring of positive energy
Wands
 y - a wand of charming (11)
 D - a wand of iceblast (5)
Scrolls
 k - a scroll of teleportation
 p - a scroll of enchant weapon
Potions
 c - a potion of ambrosia {unknown}
 e - 2 potions of attraction {unknown}
 f - 3 potions of curing {unknown}
 g - 2 potions of might {unknown}
 h - 3 potions of heal wounds {unknown}
 i - 3 potions of degeneration
 l - 3 potions of mutation {unknown}
 o - a potion of cancellation {unknown}
 s - 3 potions of enlightenment {unknown}
 u - a potion of brilliance {unknown}
 z - a potion of haste {unknown}
 A - 3 potions of lignification {unknown}


   Skills:
 - Level 1.5 Dodging
 - Level 2.1 Stealth
 + Level 5.9 Spellcasting
 * Level 4.6 Conjurations
 - Level 0.7 Transmutations
 + Level 8.2 Earth Magic
 + Level 2.4 Evocations


You had 10 spell levels left.
You knew the following spells:

 Your Spells              Type           Power      Damage    Failure   Level
a - Sandblast             Erth           68%        2d15      1%          1
b - Stone Arrow           Conj/Erth      50%        3d10      3%          3
c - Fulminant Prism       Conj/Hex       5%         3d7       54%         4

Your spell library contained the following spells:

 Spells                   Type           Power      Damage    Failure   Level
 Shock                    Conj/Air       40%        1d5       6%          1
 Magic Dart               Conj           88%        1d7       1%          1
 Searing Ray              Conj           44%        2d6       2%          2
 Passwall                 Tmut/Erth      15%        N/A       4%          2
 Sting                    Tmut/Pois      12%        1d3       14%         1
 Poisonous Vapours        Pois/Air       4%         N/A       26%         2
 Petrify                  Tmut/Erth      18%        N/A       26%         4
 Olgreb's Toxic Radiance  Pois           5%         N/A       77%         4
 Simulacrum               Ice/Necr       1%         N/A       100%        6
 Ozocubu's Refrigeration  Ice            2%         4d8       100%        7
 Polar Vortex             Ice            2%         N/A       100%        9


Dungeon Overview and Level Annotations

Branches:
Dungeon (6/15)             Temple (1/1) D:4

Altars:
Gozag
Makhleb
Nemelex Xobeh
Ru
Sif Muna
Uskayaw
Vehumet
Xom
The Shining One

Shops:
D:1 !   D:6 *

Annotations:
D:6 Prince Ribbit


Innate Abilities, Weirdness & Mutations

You are immune to sickness and miasma.
Your stone body is resilient. (AC +5)
You are immune to poison.
You resist negative energy. (rN+)
You are resistant to electric shocks. (rElec)
You are resistant to unholy torment.
You are immune to petrification.


Message History

Press: ? - help, Shift-Dir - straight line, f - steam dragon
Aim: a steam dragon (asleep, 100% to hit)
The stone arrow hits the steam dragon!
The steam dragon is heavily wounded.
Unknown command.
Casting: Stone Arrow (dangerous; 3% risk of failure)
Confirm with . or Enter, or press ? or * to list all spells.
You can't see any susceptible monsters within range! (Use Z to cast anyway.)
The steam dragon breathes steam at you. The ball of steam hits you!
You hear a shout! x2
An orc comes into view. It is wielding a +0 club.
The steam dragon breathes steam at you. The ball of steam hits you!
* * * LOW HITPOINT WARNING * * *
An orc priest comes into view. It is wielding a +0 short sword.
The orc moves out of view.
You hear a shout! x3
You are engulfed in a cloud of scalding steam.
* * * LOW HITPOINT WARNING * * *
Casting: Stone Arrow (dangerous; 3% risk of failure)
Confirm with . or Enter, or press ? or * to list all spells.
Aiming: Stone Arrow (dangerous; 3% risk of failure)
Press: ? - help, Shift-Dir - straight line, f/p - steam dragon
Aim: a steam dragon (steam, heavily wounded, catching its breath, 71% to hit)
The stone arrow misses the steam dragon.
The steam dragon bites you.
* * * LOW HITPOINT WARNING * * *
The steam dragon barely misses you.
Unknown command.
Casting: Stone Arrow (dangerous; 3% risk of failure)
Confirm with . or Enter, or press ? or * to list all spells.
Aiming: Stone Arrow (dangerous; 3% risk of failure)
Press: ? - help, Shift-Dir - straight line, f/p - steam dragon
Aim: a steam dragon (steam, heavily wounded, 71% to hit)
The stone arrow hits the steam dragon!
The steam dragon is almost dead.
The steam dragon breathes steam at you. The ball of steam hits you!
You die...

###### #....#
##....#
#.....#####
######..........
#...............
# #........#....
#.#.###.<.......
#....##@........
#...D..#######
#>.§§§## #..§.§#
#.###.# #. ..# #
o.# ...# o..#


You could see a steam dragon (catching breath).

Vanquished Creatures
  Sigmund (D:2)
  A wyvern (D:6)
  An orc warrior (D:6)
  A black bear (D:3)
  A phantom (D:3)
  A bullfrog (D:6)
  3 wights (D:5)
  2 jellies
  A hound (D:4)
  Crazy Yiuf (D:3)
  A gnoll bouda (D:5)
  2 orc priests
  Natasha (thrice) (D:3)
  3 orc wizards
  Robin (D:3)
  5 gnolls (D:5)
  3 adders
  An ufetubus (D:5)
  2 worms
  3 dart slugs
  10 orcs
  5 ball pythons
  7 bats
  8 endoplasms
  2 giant cockroaches (D:2)
  15 hobgoblins
  2 jackals (D:2)
  4 quokkas
  2 frilled lizards
  16 goblins
  11 kobolds
  4 rats
123 creatures vanquished.

Notes
Turn   | Place    | Note
-------+----------+-------------------------------------------
     0 | D:1      | ders the Gargoyle Earth Elementalist began the quest for
                  | the Orb.
     0 | D:1      | Reached XP level 1. HP: 10/10 MP: 3/3
   119 | D:1      | Found Ydatt's Distillery.
   201 | D:1      | Reached XP level 2. HP: 15/15 MP: 3/5
   261 | D:1      | Reached skill level 4 in Earth Magic
   936 | D:1      | Reached XP level 3. HP: 19/19 MP: 4/6
   940 | D:1      | Learned a level 3 spell: Stone Arrow
  1341 | D:2      | Noticed Sigmund
  1351 | D:2      | Killed Sigmund
  1352 | D:2      | Reached skill level 5 in Earth Magic
  1352 | D:2      | Reached XP level 4. HP: 14/24 MP: 5/9
  1352 | D:2      | Reached XP level 5. HP: 17/28 MP: 5/10
  1994 | D:3      | Identified the +0 leather armour of Jigsaw {Regen+ Str+5
                  | Slay+2}
  2008 | D:3      | Reached skill level 6 in Earth Magic
  2050 | D:3      | Found a hide-covered altar of Uskayaw.
  2119 | D:3      | Noticed Natasha
  2125 | D:3      | Killed Natasha
  2126 | D:3      | Reached XP level 6. HP: 32/32 MP: 8/12
  2414 | D:3      | Noticed Robin
  2479 | D:3      | Killed Robin
  2729 | D:3      | Noticed a black bear
  2735 | D:3      | Killed a black bear
  2814 | D:3      | Reached skill level 7 in Earth Magic
  2814 | D:3      | Reached XP level 7. HP: 36/36 MP: 9/14
  2854 | D:3      | Upgraded the game from 0.31-a0-66-ge618eeaa78 to
                  | 0.31-a0-75-g6fe912e8c5
  2893 | D:3      | Noticed Natasha
  2895 | D:3      | Killed Natasha
  2896 | D:3      | Reached skill level 5 in Spellcasting
  2986 | D:3      | Found a runed translucent door.
  2987 | D:3      | Noticed Crazy Yiuf
  2995 | D:3      | Noticed Natasha
  3002 | D:3      | Killed Natasha
  3076 | D:3      | Killed Crazy Yiuf
  3807 | D:4      | Found a glowing golden altar of the Shining One.
  3815 | D:4      | Learned a level 4 spell: Fulminant Prism
  3952 | D:4      | Found a staircase to the Ecumenical Temple.
  3979 | Temple   | Entered the Ecumenical Temple
  3986 | Temple   | Became a worshipper of Vehumet
  4133 | D:4      | Reached skill level 1 in Conjurations
  4638 | D:5      | Entered Level 5 of the Dungeon
  4686 | D:5      | Reached skill level 1 in Evocations
  4915 | D:5      | Reached XP level 8. HP: 12/41 MP: 13/16
  5135 | D:5      | Identified the +5 mace of True Grit {pain, rElec rN+ Str+3
                  | Dex+2}
  5400 | D:5      | Reached * piety under Vehumet
  5400 | D:5      | Offered knowledge of Shock by Vehumet.
  5786 | D:6      | Noticed Prince Ribbit
  5787 | D:6      | Noticed a wyvern
  5789 | D:6      | Killed a wyvern
  5790 | D:6      | Reached skill level 8 in Earth Magic
  5848 | D:6      | Found Ityaraost's Fire Supplies.
  5997 | D:6      | Killed from afar by a steam dragon

Illustrated notes

Levels and vault maps discovered:
D:1:      dpeg_arrival_morbid_curiosity, layout_basic, serial_shops, shop
D:2:      layout_basic, serial_glass, glass_columns_b, glass_columns_a,
          minmay_strange_pillars, uniq_sigmund
D:3:      layout_basic, eat_drink_and_be_merry_uskayaw,
          kennysheep_big_empty_room, minmay_crystal_water, minmay_misc_feat_iff,
          hangedman_decor_growths, minmay_cut_off, uniq_robin, uniq_natasha,
          uniq_crazy_yiuf_cottage
D:4:      layout_basic, mainiacjoe_overflow_paths,
          minmay_temple_entry_glassed_door, serial_aquarium,
          aquarium_bridge_square [aquarium_subvault_balcony,
          aquarium_subvault_bridge, aquarium_subvault_wall,
          aquarium_subvault_bridge], aquarium_bridge_island_small
          [aquarium_subvault_small_water, aquarium_subvault_wall,
          aquarium_subvault_bridge, aquarium_subvault_bridge,
          aquarium_subvault_wall], aquarium_window_1, aquarium_window_fake,
          aquarium_view_2c
D:5:      layout_gridville
D:6:      kb_forest_paths, layout_basic, nicolae_shop_fire_sale
          [nicolae_sub_dead_trees], uniq_prince_ribbit1
Temple:   hellmonk_temple_of_storms

Skill      XL: |  1  2  3  4  5  6  7  8 |
---------------+-------------------------+-----
Earth Magic    | 4 5 6 7 8 |  8.2
Spellcasting   | 3 4 5 |  5.9
Conjurations   | 2 4 |  4.6
Evocations     | 1 2 |  2.4
Dodging        | |  1.5
Stealth        | |  2.1
Transmutations | |  0.7

Action                     |  1- 3 |  4- 6 |  7- 9 || total
---------------------------+-------+-------+-------++-------
  Melee: Mace              |     7 |       |       ||     7
   Cast: Sandblast         |    37 |    68 |    53 ||   158
         Stone Arrow       |       |     3 |    22 ||    25
  Evoke: Wand              |       |       |     4 ||     4
    Use: Potion            |       |       |     2 ||     2
         Scroll            |       |       |    10 ||    10
 Armour: Robe              |    11 |    37 |     7 ||    55
  Dodge: Dodged            |    21 |    48 |    19 ||    88

Table legend: (Time is in decaauts)
 A = Elapsed time spent in this place.
 B = Non-inter-level travel time spent in this place.
 C = Inter-level travel time spent in this place.
 D = Time resting spent in this place.
 E = Time spent auto-exploring this place.
 F = Levels seen in this place.
 G = Mean time per level.
                   A        B        C        D        E       F      G
               +--------+--------+--------+--------+--------+-----+--------+
         Total |   6078 |   5782 |    296 |    500 |   4534 |   7 |  868.3 |
       Dungeon |   6063 |   5773 |    290 |    500 |   4534 |   6 | 1010.5 |
        Temple |     14 |      8 |      6 |      0 |      0 |   1 |   14.0 |
               +--------+--------+--------+--------+--------+-----+--------+

Top non-repeatable levels by time:
     D:3: 1513 daAuts
     D:5: 1291 daAuts
     D:1: 1199 daAuts
     D:4: 1180 daAuts
     D:2: 795 daAuts
     D:6: 82 daAuts
  Temple: 14 daAuts
